 Dungeon Crawl Stone Soup version 0.28-a0-1510-gd0f6b136d3 (webtiles) character file.

Game seed: 5514946168829046163

38 Lekart the Skirmisher (level 3, -1/49 HPs)
             Began as a Draconian Abyssal Knight on Jan 15, 2022.
             Was a Follower of Lugonu.
             Slain by an adder (3 damage)
             ... on level 2 of the Dungeon.
             The game lasted 00:01:19 (925 turns).

Lekart the Skirmisher (Draconian Abyssal Knight)     Turns: 925, Time: 00:01:20

Health: -1/49      AC: 21    Str: 15    XL:     3   Next: 25%
Magic:  4/4        EV:  2    Int: 10    God:    Lugonu [*.....]
Gold:   24         SH:  0    Dex: 13    Spells: 2/2 levels left

rFire   . . .      SeeInvis .   a - +1 falchion
rCold   . . .      Faith    .   (no shield)
rNeg    . . .      Spirit   .   (armour unavailable)
rPois   +          Reflect  .   (helmet currently unavailable)
rElec   .          Harm     .   (cloak currently unavailable)
rCorr   .          Rampage  .   (gloves currently unavailable)
Will    .....      NoTele   +   (boots currently unavailable)
Stlth   +.........              (no amulet)
HPRegen 0.16/turn               (no ring)
MPRegen 0.09/turn               (no ring)

@: tree-form
A: stationary, stasis, torment immunity, boosted hp, AC +5, unfitting armour,
(cold-blooded)
a: Renounce Religion, Depart the Abyss


You were on level 2 of the Dungeon.
You worshipped Lugonu.
Lugonu was aware of your devotion.
You were a tree.
You visited 1 branch of the dungeon, and saw 2 of its levels.
You visited the Abyss 1 time.

You collected 24 gold pieces.

Inventory:

Hand Weapons
 a - a +1 falchion (weapon)
Armour
 f - a +0 pair of boots (melded)
Scrolls
 c - a scroll of fog {unknown}
 e - a scroll of enchant weapon {unknown}
 j - a scroll of noise {unknown}
Potions
 g - a potion of curing {unknown}
 h - a potion of invisibility {unknown}
 i - a potion of mutation {unknown}


   Skills:
 + Level 3.8 Fighting
 + Level 2.5 Long Blades
 + Level 2.5 Dodging
 * Level 2.6 Invocations


You had 2 spell levels left.
You didn't know any spells.
Your spell library contained the following spells:

 Spells                   Type           Power      Damage    Failure   Level
 Apportation              Tloc           0%         N/A       36%         1
 Alistair's Intoxication  Tmut/Pois      0%         N/A       100%        5


Dungeon Overview and Level Annotations

Branches:
Dungeon (2/15)

Altars:


Innate Abilities, Weirdness & Mutations

You are a tree.
Your roots penetrate the ground, keeping you stationary.
You cannot be teleported.
You are immune to unholy pain and torment.
Your maximum health is greatly increased.
Your equipment is partially melded.
((Your plain brown scales are hard. (AC +5)))
You cannot fit into any form of body armour.
((You are cold-blooded and may be slowed by cold attacks.))


Message History

You are too injured to fight recklessly!
You are too injured to fight recklessly!
You are too injured to fight recklessly!
You are too injured to fight recklessly!
You hit the adder but do no damage.
The adder is severely wounded.
You feel sick. The adder closely misses you. The hobgoblin hits you.
The adder bites you.
* * * LOW HITPOINT WARNING * * *
You are lethally poisoned!
The adder poisons you!
Found a murky grey potion.
* * * LOW HITPOINT WARNING * * *
You feel sick.
* * * LOW HITPOINT WARNING * * *
You feel sick.
It was a potion of cancellation.
You feel magically purged.
* * * LOW HITPOINT WARNING * * *
You feel sick.
The hobgoblin hits you but does no damage.
It was a potion of lignification.
You turn into a tree.
Your +0 pair of boots melds into your body.
Your roots penetrate the ground.
You feel sick.
The hobgoblin hits you but does no damage.
You closely miss the hobgoblin.
You feel sick.
The hobgoblin hits you but does no damage.
You hit the hobgoblin.
The hobgoblin is almost dead.
You feel sick.
The hobgoblin hits you but does no damage. x2
You hit the hobgoblin but do no damage.
The hobgoblin is almost dead.
You feel sick.
You are no longer poisoned.
The hobgoblin hits you but does no damage.
You hit the hobgoblin.
You kill the hobgoblin!
Lugonu accepts your kill. The adder bites you.
You die...

#####....# ##..# #.#..
####.##.#.#.!
####....##.#.#.. ...#.#
.#...##.##.# #.. .....#
...........# ####.....#
.#####..##.# ..#.....#
.....#.^##.# #.#.....#
####.#.....# #♣#.....##
#.#..#..## ##S#.......
#.#......###...S#
....#...........#...#
#####.#..####$#.........
...#..< #.#.#....#.#
.......## #.#.#....# #
......... #.#.#..#.#
......... #.#.####.#


You could see an adder.

Vanquished Creatures
  A worm (D:2)
  3 dart slugs (D:1)
  2 ball pythons
  3 endoplasms (D:1)
  3 goblins
  2 hobgoblins
  2 jackals (D:2)
  3 kobolds
  A quokka (D:1)
  3 bats
  2 frilled lizards
  2 rats (D:2)
27 creatures vanquished.

Notes
Turn   | Place    | Note
-------+----------+-------------------------------------------
     0 | Abyss:1  | Lekart the Draconian Abyssal Knight began the quest for the
                  | Orb.
     0 | Abyss:1  | Reached XP level 1. HP: 19/19 MP: 2/2
   105 | Abyss:1  | Noticed an ancient zyme
   125 | Abyss:1  | Noticed a large abomination
   127 | D:1      | Escaped the Abyss
   375 | D:1      | Found a faded altar of an unknown god.
   386 | D:1      | Reached * piety under Lugonu
   394 | D:1      | Reached XP level 2. HP: 23/26 MP: 3/3
   654 | D:2      | Reached XP level 3. HP: 32/33 MP: 4/4
   924 | D:2      | HP: 2/49 [poisoned by an adder]
   925 | D:2      | Slain by an adder

Illustrated notes

Levels and vault maps discovered:
D:1:      nzn_arrival_water_spiral, layout_rooms,
          ebering_ecumenical_altar_petrified
D:2:      layout_rooms, serial_co_window_serial, co_window_corner_a,
          co_window_corner_a, co_window_paths_b, co_window_of_opportunity_a,
          co_window_paths_b, co_window_of_opportunity_a,
          co_window_of_opportunity_a, co_window_paths_a,
          co_window_of_opportunity_a, co_window_of_opportunity_c,
          co_window_corner_ca, co_window_of_opportunity_c,
          co_window_unsneaky_path_a, co_window_corner_ca, co_window_sun,
          co_window_4corner_a, glass_columns_c, glass_columns_b,
          glass_columns_b, minmay_heptomino_l4

Action                   || total
-------------------------++-------
Melee: Falchion          ||    80
       Tailslap          ||     9
Invok: Depart the Abyss  ||     1
  Use: Potion            ||     2
Armor: Skin              ||    50
Dodge: Dodged            ||    73

Table legend: (Time is in decaauts)
 A = Elapsed time spent in this place.
 B = Non-inter-level travel time spent in this place.
 C = Inter-level travel time spent in this place.
 D = Time resting spent in this place.
 E = Time spent auto-exploring this place.
 F = Levels seen in this place.
 G = Mean time per level.
                   A        B        C        D        E       F      G
               +--------+--------+--------+--------+--------+-----+--------+
         Total |    940 |    933 |      7 |      0 |    704 |   3 |  313.3 |
       Dungeon |    813 |    806 |      7 |      0 |    599 |   2 |  406.5 |
         Abyss |    127 |    127 |      0 |      0 |    105 |   1 |  127.0 |
               +--------+--------+--------+--------+--------+-----+--------+

Top non-repeatable levels by time:
     D:1: 506 daAuts
     D:2: 307 daAuts
 Abyss:1: 127 daAuts
